 Dungeon Crawl Stone Soup version 0.31-a0-931-g7b59d4eb97 (webtiles) character file.

Game seed: 17494046688697645418

163 Arex the Ruffian (level 5, 0/53 HPs)
             Began as a Troll Chaos Knight on Oct 17, 2023.
             Was a Plaything of Xom.
             Succumbed to an orc wizard's poison
             ... on level 3 of the Dungeon on Oct 19, 2023.
             The game lasted 00:02:29 (1546 turns).

Arex the Ruffian (Troll Chaos Knight)               Turns: 1546, Time: 00:02:29

Health: 0/53       AC:  6    Str: 20    XL:     5   Next: 20%
Magic:  4/4        EV: 10    Int:  8    God:    Xom [..*...]
Gold:   101        SH:  0    Dex: 11    Spells: 4/4 levels left

rFire   + .          .
                       - Unarmed
rCold   . . .        (no shield)
rNeg    . . .        a - +2 robe
rPois   .            (helmet restricted)
rElec   .            (no cloak)
rCorr   .            (gloves unavailable)
SInv    .            (boots unavailable)
Will    .....        j - amulet of faith
Stlth   +            d - ring of protection from fire
HPRegen 1.08/turn    (no ring)
MPRegen 0.09/turn

%: faith
@: lethally poisoned (0 -> -13), hasted, very quick
A: large, unfitting armour, claws 3, regeneration 1, shaggy fur 1, tough skin 1
a: Renounce Religion


You were on level 3 of the Dungeon.
You worshipped Xom.
You were a toy of Xom.
You visited 1 branch of the dungeon, and saw 3 of its levels.

You collected 101 gold pieces.

Inventory:

Armour
 a - a +2 robe (worn)
Jewellery
 d - a ring of protection from fire (left claw)
 j - an amulet of faith (around neck)
Scrolls
 b - a scroll of butterflies
 g - a scroll of enchant armour {unknown}
 i - a scroll of amnesia {unknown}
Potions
 e - a potion of lignification
 f - a potion of invisibility


   Skills:
 + Level 3.4 Fighting
 + Level 3.0 Dodging
 + Level 4.1 Unarmed Combat


You had 4 spell levels left.
You didn't know any spells.
Your spell library was empty.

Dungeon Overview and Level Annotations

Branches:
Dungeon (3/15)

Altars:


Innate Abilities, Weirdness & Mutations

You are too large for most types of armour.
You have claws for hands.
Your natural rate of healing is unusually fast.
You are covered in fur. (AC +1)
You have tough skin. (AC +1)


Message History

The orc wizard casts a spell.
The orc wizard flickers and vanishes!
You feel sick. Something hits you but does no damage.
You feel sick. Something hits you but does no damage.
You are more poisoned.
Something hits you.
You closely miss something.
You feel sick. Something hits you but does no damage.
You are more poisoned.
Something hits you.
You miss something. Your claw misses something.
You feel very sick. Something hits you.
You are more poisoned.
You hear some strange, mumbled words.
A puff of flame appears from out of thin air!
The puff of flame hits you. You resist.
You feel very sick. Something hits you.
You are lethally poisoned!
You miss something.
* * * LOW HITPOINT WARNING * * *
You feel extremely sick.
You hear some strange, mumbled words.
Something tries to affect you, but you resist.
You hear some strange, mumbled words.
A magic dart appears from out of thin air!
The magic dart hits you.
* * * LOW HITPOINT WARNING * * *
Unknown command.
Unknown command.
It was a potion of haste.
You feel yourself speed up.
Xom roars with laughter!
* * * LOW HITPOINT WARNING * * *
You feel extremely sick.
Something hits you but does no damage. x2
Okay, then.
You feel less confused.
You die...
Xom giggles madly!

#####.....
........#
#.....?.#
#.......#
#.......#
#.......########
#..............#
#....@.........#
#####...)<.....+
........{.......#
##.####..#####+##
#..# #..# #.##
..# .#.#


There were no monsters in sight!

Vanquished Creatures
  Jessica (D:2)
  4 gnolls (D:2)
  6 adders (D:2)
  2 dart slugs (D:1)
  2 orcs
  3 endoplasms (D:2)
  A giant cockroach (D:2)
  5 goblins
  4 hobgoblins
  4 quokkas (D:2)
  2 ball pythons (D:2)
  4 bats
  3 kobolds (D:1)
  4 rats
45 creatures vanquished.

Notes
Turn   | Place    | Note
-------+----------+-------------------------------------------
     0 | D:1      | Arex the Troll Chaos Knight began the quest for the Orb.
     0 | D:1      | Reached XP level 1. HP: 22/22 MP: 0/0
   121 | D:1      | XOM: silly message
   156 | D:1      | Reached XP level 2. HP: 29/29 MP: 1/1
   324 | D:1      | XOM: silly message
   631 | D:1      | Upgraded the game from 0.31-a0-889-g1a8549509d to
                  | 0.31-a0-931-g7b59d4eb97
   640 | D:1      | XOM is BORED!
   754 | D:2      | Reached XP level 3. HP: 36/36 MP: 2/2
  1202 | D:2      | XOM: cloud trail
  1205 | D:2      | Noticed Jessica
  1210 | D:2      | Killed Jessica
  1211 | D:2      | Reached XP level 4. HP: 45/45 MP: 3/3
  1332 | D:2      | Reached skill level 4 in Unarmed Combat
  1429 | D:2      | Reached XP level 5. HP: 26/53 MP: 4/4
  1528 | D:3      | XOM: blink monster(s)
  1545 | D:3      | HP: 2/53 [poisoned by an orc wizard]
  1546 | D:3      | Succumbed to an orc wizard's poison

Illustrated notes

Levels and vault maps discovered:
D:1:      dpeg_arrival_short_road, layout_loops_ring
D:2:      layout_basic, minmay_misc_feat_ornament,
          hangedman_abyss_or_decor_lesser_grid, uniq_jessica
D:3:      layout_basic, old_standard_altar

Skill      XL: |  1  2  3  4 |
---------------+-------------+-----
Dodging        | 2 3 |  3.0
Fighting       | 3 |  3.4
Unarmed Combat | 4 |  4.1

Action                     |  1- 3 |  4- 6 || total
---------------------------+-------+-------++-------
  Melee: Unarmed           |    68 |    41 ||   109
         Punch             |     2 |       ||     2
    Use: Scroll            |     1 |     2 ||     3
         Potion            |       |     1 ||     1
   Stab: Sleeping          |     3 |       ||     3
 Armour: Robe              |    35 |    55 ||    90
  Dodge: Dodged            |    29 |    26 ||    55

Table legend: (Time is in decaauts)
 A = Elapsed time spent in this place.
 B = Non-inter-level travel time spent in this place.
 C = Inter-level travel time spent in this place.
 D = Time resting spent in this place.
 E = Time spent auto-exploring this place.
 F = Levels seen in this place.
 G = Mean time per level.
                   A        B        C        D        E       F      G
               +--------+--------+--------+--------+--------+-----+--------+
         Total |   1541 |   1468 |     73 |     53 |   1122 |   3 |  513.7 |
       Dungeon |   1541 |   1468 |     73 |     53 |   1122 |   3 |  513.7 |
               +--------+--------+--------+--------+--------+-----+--------+

Top non-repeatable levels by time:
     D:2: 873 daAuts
     D:1: 638 daAuts
     D:3: 29 daAuts
